Map: Pillars of Gold LE

Players

Reynor

  • Race: Zerg Zerg
  • League: Master
  • Spawn Location: 7:00

LiquidClem (Clem) - Winner!

  • Race: Terran Terran
  • League: Grandmaster
  • Spawn Location: 1:00

Event: DreamHack SC2 Masters 2020 Winter

VOD

Have the link to the VOD?

Description

Time

  • Played on: Nov. 8, 2020, 3:24 p.m.
  • Length: 9:32

All games in this series

Show
View Real Time Build Order
Export as new Build Order

Reynor Zerg 

Build Orders: Hatch First 

Get SALT Encoding   

  12  0:00  Drone  
  13  0:12  Overlord  
  13  0:17  Drone  
  14  0:31  Drone x2  
  16  0:50  Hatchery  
  16  0:53  Drone  
  17  0:57  Drone  
  17  1:00  Drone  
  18  1:10  Extractor  
  17  1:16  Spawning Pool  
  16  1:19  Drone  
  16  1:22  Drone  
  18  1:28  Drone  
  19  1:39  Drone  
  20  1:51  Overlord  
  20  2:02  Queen  
  20  2:03  Zergling x4, Queen  
  26  2:11  Drone  
  26  2:13  Drone  
  28  2:22  Drone  
  29  2:23  Drone  
  30  2:30  Metabolic Boost  
  30  2:40  Hatchery  
  30  2:42  Drone  
  31  2:44  Drone  
  31  2:47  Drone  
  31  2:48  Drone  
  33  2:55  Overlord  
  33  2:59  Queen  
  33  3:03  Drone  
  36  3:18  Drone x5  
  40  3:25  Overlord  
  40  3:26  Drone  
  41  3:28  Drone  
  42  3:34  Drone  
  43  3:43  Queen  
  43  3:45  Zergling x4  
  43  3:46  Overlord  
  43  3:47  Drone x2  
  49  3:49  Drone  
  49  3:52  Queen  
  49  3:54  Zergling x2  
  53  3:58  Drone  
  53  4:00  Drone  
  55  4:03  Overlord  
  55  4:08  Drone x3  
  55  4:09  Drone  
  59  4:12  Baneling Nest  
  59  4:15  Zergling x4  
  60  4:18  Overlord  
  60  4:23  Drone x2  
  62  4:24  Drone x2  
  62  4:25  Drone  
  62  4:29  Lair, Extractor  
  64  4:31  Queen  
  64  4:36  Overlord  
  64  4:38  Drone x2  
  68  4:44  Zergling x2  
  69  4:46  Zergling x4  
  71  4:54  Spore Crawler  
  71  4:55  Drone  
  71  4:57  Overlord, Drone x2  
  71  4:58  Spore Crawler  
  71  4:59  Drone  
  74  5:00  Drone x3  
  74  5:01  Drone  
  74  5:06  Drone x3  
  79  5:11  Overlord  
  79  5:12  Drone x2  
  81  5:19  Zergling x2  
  79  5:24  Zergling x4  
  79  5:27  Zergling x6  
  77  5:29  Evolution Chamber  
  77  5:30  Zergling x2  
  76  5:36  Drone x2  
  76  5:39  Centrifical Hooks, Drone x4  
  76  5:42  Drone x2  
  84  5:46  Zergling x6, Hatchery  
  84  5:49  Evolution Chamber  
  85  5:52  Evolution Chamber  
  85  5:53  Drone  
  85  5:54  Drone  
  85  5:55  Drone  
  85  5:56  Extractor  
  86  6:00  Extractor  
  85  6:04  Overlord  
  85  6:05  Drone, Extractor  
  85  6:06  Queen, Extractor  
  85  6:07  Drone x2  
  85  6:08  Drone  
  85  6:09  Drone  
  85  6:10  Drone x2  
  92  6:11  Drone  
  92  6:13  Zergling x6  
  92  6:14  Overseer  
  92  6:17  Zerg Ground Armor Level 1  
  97  6:18  Zerg Melee Weapons Level 1  
  97  6:19  Drone  
  97  6:21  Overlord  
  97  6:22  Zergling x2  
  97  6:23  Pneumatized Carapace  
  99  6:29  Zergling x6  
  101  6:36  Drone x3  
  101  6:37  Baneling x4  
  101  6:39  Zergling x8  
  108  6:40  Drone  
  108  6:44  Zergling x2  
  110  6:48  Zergling x4  
  110  6:52  Baneling x5  
  110  6:53  Drone  
  113  6:55  Overlord  
  113  7:01  Zergling x6  
  113  7:03  Drone x3  
  113  7:06  Zergling x2, Extractor  
  113  7:08  Overlord  
  119  7:10  Baneling x3  
  119  7:13  Overlord  
  119  7:14  Zergling x2  
  119  7:15  Zergling x8  
  125  7:19  Hatchery  
  125  7:20  Zergling x2  
  125  7:21  Zergling x10  
  120  7:28  Baneling x4  
  114  7:32  Zergling x8  
  114  7:33  Zergling x6  
  108  7:38  Queen x2  
  108  7:41  Zergling x2  
  108  7:42  Zergling x14  
  116  7:48  Zergling x2  
  111  7:54  Zergling x6, Queen x2  
  111  7:56  Baneling x2  
  116  7:59  Zergling x2  
  116  8:02  Zergling x6  
  120  8:05  Zergling x2  
  120  8:06  Zergling x4  
  120  8:09  Zergling x2  
  117  8:13  Zergling x4  
  117  8:16  Queen x2  
  117  8:17  Zergling x4  
  118  8:24  Zergling x4, Baneling x9  
  118  8:25  Zergling x2  
  115  8:28  Zergling x2  
  115  8:31  Queen  
  115  8:34  Zergling x6  
  109  8:36  Queen  
  109  8:37  Zergling x2  
  109  8:40  Zergling x2  
  111  8:44  Zergling x4  
  111  8:46  Zergling x2  
  111  8:47  Zergling x2  
  111  8:48  Hatchery  
  111  8:49  Baneling x2  
  111  8:50  Baneling x2  
  111  8:51  Queen  
  111  8:52  Zergling x2  
  114  8:59  Zergling x6  
  109  9:04  Zergling x22  
  109  9:06  Baneling x4  
  109  9:09  Zergling x4  
  120  9:14  Zergling x4  
Show
View Real Time Build Order
Export as new Build Order

LiquidClem Terran - Winner!

Build Orders: Reaper Expand, Hellion Banshee 

Get SALT Encoding   

  12  0:00  SCV  
  13  0:12  SCV  
  14  0:17  Supply Depot  
  14  0:24  SCV  
  15  0:39  SCV  
  15  0:41  Barracks  
  16  0:44  Refinery  
  16  0:51  SCV  
  17  1:03  SCV  
  18  1:15  SCV  
  19  1:28  Reaper, Orbital Command  
  20  1:42  Command Center  
  20  1:50  Supply Depot  
  20  1:54  SCV  
  21  2:00  Marine  
  22  2:06  SCV  
  23  2:15  Factory  
  23  2:18  SCV  
  23  2:22  Barracks Reactor  
  24  2:30  SCV  
  25  2:44  Command Center  
  25  2:46  SCV  
  26  2:55  Orbital Command  
  26  2:58  SCV  
  27  3:05  Starport  
  27  3:11  SCV, Refinery  
  28  3:15  Hellion  
  30  3:20  Hellion  
  30  3:22  SCV  
  30  3:26  Barracks Tech Lab  
  33  3:28  SCV  
  34  3:34  SCV  
  34  3:38  Hellion  
  34  3:40  SCV  
  38  3:41  Hellion  
  38  3:46  SCV  
  41  3:51  Banshee, Barracks Tech Lab  
  41  3:54  SCV  
  45  3:57  Orbital Command  
  45  3:58  SCV  
  45  4:02  Hellion  
  48  4:04  Hellion  
  48  4:09  SCV  
  51  4:12  Supply Depot  
  51  4:15  Stimpack  
  51  4:17  SCV  
  51  4:21  SCV  
  51  4:23  SCV  
  54  4:29  Hellion x2  
  54  4:30  SCV  
  59  4:35  Supply Depot  
  59  4:38  SCV  
  59  4:40  SCV  
  59  4:41  Barracks  
  59  4:43  SCV, Starport Reactor  
  62  4:46  Marine, Barracks  
  62  4:49  Refinery  
  62  4:51  SCV  
  64  4:57  Refinery  
  64  4:58  Engineering Bay  
  65  5:00  SCV, Engineering Bay  
  65  5:03  SCV  
  65  5:05  Supply Depot  
  65  5:06  SCV  
  67  5:10  Siege Tank  
  67  5:12  SCV  
  71  5:15  Supply Depot, Marine  
  72  5:27  Orbital Command  
  66  5:29  SCV  
  66  5:33  Barracks  
  66  5:34  Barracks  
  68  5:39  Marine  
  68  5:40  Terran Infantry Weapons Level 1, Terran Infantry Armor Level 1  
  68  5:41  SCV  
  68  5:42  Siege Tank  
  72  5:43  Starport Reactor  
  72  5:45  Supply Depot  
  72  5:46  Supply Depot  
  72  5:47  Marine x2  
  74  5:51  Marine x2  
  74  5:53  SCV  
  74  5:54  SCV  
  78  5:58  SCV  
  78  6:00  Combat Shield, Marine  
  80  6:05  SCV  
  80  6:07  SCV  
  80  6:08  Supply Depot  
  80  6:10  SCV, Marine x2  
  85  6:11  Marine  
  85  6:12  Marine  
  85  6:17  SCV, Marine  
  89  6:19  SCV  
  89  6:20  Medivac x2  
  89  6:24  Barracks Reactor x2  
  94  6:29  Siege Tank  
  94  6:30  SCV  
  99  6:33  Supply Depot  
  99  6:34  SCV  
  99  6:35  Marine  
  99  6:36  Marine  
  99  6:37  Marine x3  
  99  6:38  SCV  
  105  6:43  Supply Depot  
  105  6:44  SCV  
  105  6:47  SCV  
  107  6:51  Refinery  
  107  6:53  Marine  
  107  6:54  SCV, Factory  
  109  6:55  Marine x2  
  109  6:56  SCV  
  109  6:58  Medivac x2  
  109  7:01  SCV  
  117  7:02  Supply Depot  
  117  7:05  Siege Tank  
  117  7:06  SCV  
  117  7:07  Marine x3  
  117  7:08  Supply Depot  
  124  7:09  SCV  
  124  7:10  Marine  
  124  7:13  Armory  
  124  7:14  Marine x2  
  114  7:23  Marine x3  
  114  7:25  Marine x2  
  114  7:29  Marine  
  117  7:34  Marine x2  
  117  7:35  Marine  
  117  7:37  Medivac  
  113  7:38  Medivac  
  113  7:39  Factory Tech Lab  
  113  7:40  SCV  
  113  7:41  SCV, Marine x2  
  113  7:42  SCV  
  113  7:43  Marine  
  112  7:46  Marine  
  112  7:47  Marine  
  112  7:48  Marine  
  106  7:52  Marine x2  
  106  7:53  SCV, Marine  
  107  7:59  Marine x2, Siege Tank  
  107  8:01  Marine  
  107  8:04  Marine  
  114  8:05  Marine  
  114  8:06  Marine  
  114  8:07  Siege Tank  
  114  8:10  Marine  
  114  8:11  Marine x2  
  119  8:14  Liberator  
  119  8:15  SCV  
  119  8:17  Marine  
  119  8:20  Marine  
  119  8:21  Marine  
  119  8:24  SCV, Marine  
  122  8:27  Marine  
  122  8:28  Marine  
  122  8:30  Marine  
  122  8:32  Marine  
  122  8:37  Marine  
  122  8:43  Marine x4  
  122  8:44  SCV x2  
  122  8:45  Marine  
  122  8:46  Marine  
  122  8:47  SCV  
  122  8:48  Marine  
  131  8:50  Marine  
  131  8:55  Marine  
  133  8:56  SCV x2  
  133  8:59  SCV  
  133  9:01  Marine x4  
  134  9:03  Marine  
  134  9:08  SCV, Marine x2  
  134  9:09  SCV  
  141  9:12  Marine  
  141  9:13  Supply Depot x2  
  136  9:18  SCV, Supply Depot  
Tags
 
Add a new tag
Caveats
  • Supply blocks, unpowered buildings, or Contaminate may cause inaccurate times.
  • Supply counts are checked every 10 seconds.